 Dungeon Crawl Stone Soup version 0.23.0 (webtiles) character file.

Game seed: 3983558670335872511

91 KamiKatze the Chopper (level 4, 0/41 HPs)
             Began as a Minotaur Berserker on Feb 13, 2019.
             Was a Believer of Trog.
             Succumbed to kobold's curare-tipped needle
             ... on level 3 of the Dungeon.
             The game lasted 00:05:28 (1232 turns).

KamiKatze the Chopper (Minotaur Berserker)          Turns: 1232, Time: 00:05:29

Health: 0/41       AC:  6    Str: 22    XL:     4   Next: 33%
Magic:  3/3        EV: 11    Int:  4    God:    Trog [**....]
Gold:   90         SH:  0    Dex: 15    Spells: 3/3 levels left

rFire    . . .     SeeInvis .   a - +0 hand axe
rCold    . . .     Gourm    .   (no shield)
rNeg     . . .     Faith    .   p - +0 scale mail
rPois    .         Spirit   .   (helmet restricted)
rElec    .         Reflect  .   (no cloak)
rCorr    .         Harm     .   (no gloves)
MR       .....                  (no boots)
Stlth    ..........             (no amulet)
HPRegen  0.13/turn              n - +5 ring of dexterity
MPRegen  0.08/turn              (no ring)

@: lethally poisoned (0 -> -27), slowed, very slow
A: retaliatory headbutt, horns 2
a: Berserk, Trog's Hand, Renounce Religion


You were on level 3 of the Dungeon.
You worshipped Trog.
Trog was pleased with you.
You were not hungry.

You visited 1 branch of the dungeon, and saw 3 of its levels.

You collected 90 gold pieces.

Inventory:

Hand Weapons
 a - a +0 hand axe (weapon)
Missiles
 j - 62 stones (quivered)
 r - 2 tomahawks
Armour
 p - a +0 scale mail (worn)
Jewellery
 n - a +5 ring of dexterity (left hand)
Scrolls
 b - a scroll of blinking {unknown}
 g - 4 scrolls of identify {unknown}
 h - a scroll of teleportation {unknown}
 k - a scroll of random uselessness {unknown}
 m - a scroll of magic mapping {unknown}
 q - a scroll of amnesia {unknown}
Potions
 d - a potion of berserk rage {unknown}
 e - a potion of brilliance {unknown}
 i - a potion of cancellation {unknown}
 l - a potion of heal wounds {unknown}
 o - a potion of degeneration {unknown}
Comestibles
 c - 4 rations
 f - 4 chunks of flesh


   Skills:
 + Level 4.3 Fighting
 * Level 4.8 Axes
 + Level 3.2 Armour
 + Level 3.0 Dodging


You had 3 spell levels left.
You didn't know any spells.
Your spell library was empty.

Dungeon Overview and Level Annotations

Branches:
Dungeon (3/15)

Altars:
Ashenzari


Innate Abilities, Weirdness & Mutations

You reflexively headbutt those who attack you in melee.
You have a pair of horns on your head.


Message History

The kobold shoots a curare-tipped needle.
The curare-tipped needle hits you.
You are lethally poisoned!
You have difficulty breathing.
You feel as though you will be slow longer.
You see here a curare-tipped needle.
A quokka comes into view.
* * * LOW HITPOINT WARNING * * *
You feel very sick.
The kobold unwields a +0 blowgun.
The kobold wields a +0 short sword.
The kobold hits you with a +0 short sword.
* * * LOW HITPOINT WARNING * * *
Found a scroll labeled VORUSHR AP PUA.
You are too injured to fight recklessly!
You slash the kobold!
You kill the kobold!
Trog accepts your kill.
* * * LOW HITPOINT WARNING * * *
You feel very sick.
You die...

# .# #.##
###############...#
#..........((.@.#
#.#############...?#
#.# #r#.# ###.#
..... ....# #?. .
##### ###


You could see a quokka.

Vanquished Creatures
  Robin (D:2)
  An adder (D:3)
  A dart slug (D:1)
  A leopard gecko (D:1)
  4 orcs (D:3)
  9 bats (D:1)
  4 giant cockroaches
  16 goblins
  6 hobgoblins
  9 kobolds
  A quokka (D:2)
  A ball python (D:1)
  3 frilled lizards
  4 rats
61 creatures vanquished.

Notes
Turn   | Place    | Note
-------+----------+-------------------------------------------
     0 | D:1      | KamiKatze the Minotaur Berserker began the quest for the
                  | Orb.
     0 | D:1      | Reached XP level 1. HP: 19/19 MP: 0/0
    90 | D:1      | Reached XP level 2. HP: 23/27 MP: 1/1
   381 | D:1      | Reached ** piety under Trog
   398 | D:1      | Reached XP level 3. HP: 29/33 MP: 2/2
   686 | D:2      | Noticed Robin
   761 | D:2      | Killed Robin
   825 | D:2      | Found a shattered altar of Ashenzari.
   851 | D:2      | Reached XP level 4. HP: 26/40 MP: 3/3
  1231 | D:3      | HP: 2/41 [poisoned by kobold (curare-tipped needle)]
  1232 | D:3      | Succumbed to kobold's curare-tipped needle

Skill      XL: |  1  2  3  4 |
---------------+-------------+-----
Axes           | 4 |  4.8
Fighting       | 4 |  4.3
Armour         | 3 |  3.2
Dodging        | 3 |  3.0

Action                   |  1- 3 |  4- 6 || total
-------------------------+-------+-------++-------
Melee: Hand axe          |   100 |    20 ||   120
       Headbutt          |     9 |     3 ||    12
Invok: Berserk           |     1 |       ||     1
  Eat: Chunk             |     1 |     1 ||     2
Armor: Animal skin       |    17 |       ||    17
       Leather armour    |     8 |     1 ||     9
       Scale mail        |       |     2 ||     2
Dodge: Dodged            |    81 |    14 ||    95
